 Dungeon Crawl Stone Soup version 0.17-a0-1910-g4c791fa (webtiles) character file.

368 mcbry74 the Insei (level 6, -6/46 HPs)
             Began as a Vampire Monk on Sept 25, 2015.
             Mangled by an orc priest
             ... wielding a +0 trident of flaming
              (11 damage)
             ... on level 3 of the Dungeon.
             The game lasted 00:31:33 (3894 turns).

mcbry74 the Insei (Vampire Monk)                    Turns: 3894, Time: 00:31:34

Health: -6/46      AC:  0    Str:  1 (5)  XL:     6   Next: 41%
Magic:  6/6        EV: 25    Int: 14      God:
Gold:   107        SH:  0    Dex: 22      Spells: 0 memorised, 5 levels left

rFire  . . .     SeeInvis +       - Unarmed
rCold  . . .     Clarity  .     (armour currently unavailable)
rNeg   + . .     SustAt   .     (shield currently unavailable)
rPois  .         Gourm    .     (helmet currently unavailable)
rElec  .         Spirit   .     (cloak currently unavailable)
rCorr  .         Warding  .     (gloves currently unavailable)
rMut   .         Stasis   .     (boots currently unavailable)
MR     .....                    (no amulet)
Stlth  ++++......               (ring currently unavailable)
                                (ring currently unavailable)

@: bat-form, flying, very quick, not resistant to hostile enchantments, stealthy
A: (fangs 0), see invisible, (unbreathing)
a: End Transformation


You were on level 3 of the Dungeon.
You were not thirsty.
You were in vampire-bat-form.
You visited 1 branch of the dungeon, and saw 3 of its levels.
You also visited: Sewer.

You collected 107 gold pieces.

Inventory:

Hand weapons
 f - a +5 dagger
Armour
 a - a +0 robe (melded)
 e - a +0 helmet (melded)
 g - a +2 buckler (melded)
 j - a +0 cloak (melded)
 l - a +0 pair of gloves (melded)
 p - a +0 pair of boots (melded)
Magical staves
 c - an uncursed staff of fire
Scrolls
 i - a scroll of teleportation
 m - a scroll of enchant weapon
 r - a scroll of fog {unknown}
 s - a scroll of fear
Potions
 b - 5 potions of blood
 h - a potion of curing
 k - 2 potions of invisibility
 o - 3 potions of flight
 q - 2 potions of haste {unknown}


   Skills:
 - Level 2.6 Fighting
 + Level 5.1 Dodging
 * Level 5.4 Stealth
 + Level 1.3 Shields
 * Level 6.4 Unarmed Combat


You had 5 spell levels left.
You didn't know any spells.

Dungeon Overview and Level Annotations

Branches:
Dungeon (3/15)

Altars:
Cheibriados
Dithmenos
Makhleb


Innate Abilities, Weirdness & Mutations

((You have razor-sharp teeth.))
You have supernaturally acute eyesight.
((You can survive without breathing.))


Message History

You hit the orc priest.
The orc priest is heavily wounded.
The orc misses you. The orc hits you with a flail.
* * * LOW HITPOINT WARNING * * *
The orc priest barely misses you.
You hit the orc priest.
The orc priest is heavily wounded.
You hit the orc priest but do no damage.
The orc priest is heavily wounded.
The orc misses you.
You hit the orc priest but do no damage.
The orc priest is heavily wounded.
The orc priest barely misses you. The orc completely misses you.
You hit the orc priest.
The orc priest is heavily wounded.
The orc completely misses you.
You hit the orc priest but do no damage.
The orc priest is heavily wounded.
The orc priest hits you with a trident of flaming!
You die...

....<....!.#.## #.# ##......#
...........#..######.#
#.......#
..........##.goor##o###.##.####
#.........######o.oo....#..#
##.#..##### ####o......####
#.#..### #### ##..#.......#
#.#..o.## ≈_# #......####..#
#.##.#..#####o# #..#<...## .#
##....##.##..ob#......##..## .
# #....o.#..#.##o#..#.#####..#
###.o.$..##...#≈_#(.#.## ##.#
.##......###..#### ....# #.###.
.#.r.....# ######.#.#>.#
###..... [........#
#....#..###....### .#####...#
#.#.##..#...##.# ##
#.#.#######...##..#>####.# . #
#....!.........(.......#.#o.


You could see an orc priest and 2 orcs.

Vanquished Creatures
  Purgy (Sewer)
  The ghost of Goresteps the Magician, a weakling SpEE (D:3)
  2 orc wizards (D:3)
  Terence (D:2)
  Natasha (D:3)
  Robin (D:2)
  3 adders
  An ooze (D:2)
  A worm (D:2)
  4 giant geckos
  9 orcs (D:3)
  10 bats
  6 giant cockroaches
  17 goblins
  6 hobgoblins
  2 quokkas
  5 ball pythons
  7 giant newts
  8 kobolds
  6 rats
92 creatures vanquished.

Notes
Turn   | Place    | Note
--------------------------------------------------------------
     0 | D:1      | mcbry74 the Vampire Monk began the quest for the Orb.
     0 | D:1      | Reached XP level 1. HP: 17/17 MP: 1/1
   142 | D:1      | Reached XP level 2. HP: 20/23 MP: 2/2
   549 | D:1      | Reached skill level 5 in Unarmed Combat
   822 | D:1      | Reached XP level 3. HP: 28/28 MP: 3/3
  1373 | D:2      | Noticed Terence
  1428 | D:2      | Killed Terence
  1428 | D:2      | Reached XP level 4. HP: 19/34 MP: 4/4
  1481 | D:2      | Found a shadowy altar of Dithmenos.
  1897 | D:2      | Noticed Robin
  1936 | D:2      | Killed Robin
  2469 | D:2      | Noticed an ice beast
  2641 | D:3      | Reached skill level 6 in Unarmed Combat
  2647 | D:3      | Reached XP level 5. HP: 21/39 MP: 5/5
  2698 | D:3      | Noticed Natasha
  2700 | D:3      | Found a glowing drain.
  2716 | D:3      | Killed Natasha
  2736 | D:3      | Noticed Goresteps's ghost (weakling SpEE)
  2764 | D:3      | Killed Goresteps's ghost
  2955 | D:3      | Reached skill level 5 in Stealth
  2977 | D:3      | Reached skill level 1 in Shields
  2989 | Sewer    | Entered a sewer
  3023 | Sewer    | Noticed Purgy
  3038 | Sewer    | Reached XP level 6. HP: 42/46 MP: 6/6
  3065 | Sewer    | Killed Purgy
  3065 | Sewer    | Reached skill level 5 in Dodging
  3846 | D:3      | HP: 2/46 [rat (3)]
  3867 | D:3      | Found a snail-covered altar of Cheibriados.
  3867 | D:3      | Found a burning altar of Makhleb.
  3894 | D:3      | Mangled by an orc priest

Vault maps used:
D:1:      minmay_arrival_open_corners, minmay_hedge_maze
D:2:      lemuel_upstairs_altar, nicolae_dithmenos_through_a_glass_darkly,
          lightli_corner_chamber, uniq_robin, uniq_terence
D:3:      gammafunk_temple_overflow_elements, portal_sewer_entry_a,
          uniq_natasha, uniq_sigmund
Sewer:    sewer_co_purgy_island

Action                   |  1- 3 |  4- 6 || total
-------------------------+-------+-------++-------
Melee: Unarmed           |   181 |   321 ||   502
 Abil: Bat Form          |     1 |     1 ||     2
  Use: Potion            |     3 |     7 ||    10
       Scroll            |     1 |     7 ||     8
 Stab: Sleeping          |     9 |       ||     9
       Distracted        |       |     1 ||     1
  Eat: Corpse            |       |     8 ||     8
